 Dungeon Crawl Stone Soup version 0.30-a0-757-ga6a79fd877 (webtiles) character file.

Game seed: 14132091010094742045

564 sircluck the Chopper (level 7, -9/60 HPs)
             Began as a Hill Orc Fighter on Feb 9, 2023.
             Mangled by a gnoll
             ... wielding a +0 heavy spear
              (10 damage)
             ... on level 7 of the Dungeon.
             The game lasted 00:05:20 (1837 turns).

sircluck the Chopper (Hill Orc Fighter)             Turns: 1837, Time: 00:05:20

Health: -9/60      AC:  7    Str: 21    XL:     7   Next: 32%
Magic:  7/7        EV:  9    Int:  8    God:
Gold:   155        SH:  4    Dex: 10    Spells: 6/6 levels left

rFire   . . .      SeeInvis .    a - +0 war axe
rCold   . . .      Faith    .    c - +0 buckler
rNeg    . . .      Spirit   .    b - +0 scale mail
rPois   .          Reflect  .    (no helmet)
rElec   .          Harm     .    (no cloak)
rCorr   .          Rampage  .    (no gloves)
Will    .....                    (no boots) Stlth
                                 q - amulet of magic regeneration
HPRegen 0.30/turn                (no ring)
MPRegen 0.50/turn                (no ring)

@: no status effects
A: no striking features
a: no special abilities


You were on level 7 of the Dungeon.
You visited 1 branch of the dungeon, and saw 7 of its levels.

You collected 155 gold pieces.

Inventory:

Hand Weapons
 a - a +0 war axe (weapon)
Armour
 b - a +0 scale mail (worn)
 c - a +0 buckler (worn)
Jewellery
 e - an amulet of magic regeneration
 q - an amulet of magic regeneration (around neck)
Wands
 u - a wand of light (7)
 v - a wand of polymorph (12)
Scrolls
 f - a scroll of enchant weapon {unknown}
 g - a scroll of identify {unknown}
 j - a scroll of immolation {unknown}
 l - a scroll of noise {unknown}
 n - a scroll of teleportation {unknown}
 o - a scroll of fear {unknown}
 p - a scroll of poison {unknown}
 r - 2 scrolls of enchant armour {unknown}
 s - a scroll of brand weapon {unknown}
Potions
 d - a potion of might
 h - 2 potions of degeneration {unknown}
 i - a potion of heal wounds {unknown}
 k - 2 potions of resistance {unknown}
 m - a potion of ambrosia {unknown}
 t - a potion of curing {unknown}


   Skills:
 + Level 4.6 Fighting
 + Level 7.0 Axes
 + Level 5.1 Armour
 + Level 1.6 Dodging
 + Level 0.4 Stealth
 + Level 4.3 Shields


You had 6 spell levels left.
You didn't know any spells.
Your spell library was empty.

Dungeon Overview and Level Annotations

Branches:
Dungeon (7/15)             Temple (0/1) D:5

Altars:
Vehumet


Message History

You are too injured to fight recklessly!
You are too injured to fight recklessly!
You are too injured to fight recklessly!
You are too injured to fight recklessly!
You are too injured to fight recklessly!
You are too injured to fight recklessly!
You closely miss the gnoll.
The gnoll is moderately wounded.
The gnoll barely misses you. The gnoll hits you but does no damage.
The gnoll closely misses you.
You barely miss the gnoll.
The gnoll is moderately wounded.
The gnoll hits you with a +0 spear!
* * * LOW HITPOINT WARNING * * *
The gnoll hits you from afar with a +0 heavy spear.
* * * LOW HITPOINT WARNING * * *
The gnoll attacks as you move away! You block the gnoll's attack.
The gnoll hits you from afar with a +0 spear.
* * * LOW HITPOINT WARNING * * *
The gnoll barely misses you.
The gnoll hits you from afar with a +0 heavy spear!
* * * LOW HITPOINT WARNING * * *
The gnoll hits you but does no damage. The gnoll closely misses you.
Found a stone staircase leading up.
You block the gnoll's attack.
You barely miss the gnoll.
The gnoll is lightly wounded.
The gnoll hits you from afar with a +0 heavy spear.
* * * LOW HITPOINT WARNING * * *
You hit the gnoll.
The gnoll is heavily wounded.
You block the gnoll's attack. The gnoll hits you with a +0 spear.
* * * LOW HITPOINT WARNING * * *
You barely miss the gnoll.
The gnoll is heavily wounded.
The gnoll hits you with a +0 spear.
* * * LOW HITPOINT WARNING * * *
The gnoll hits you from afar with a +0 heavy spear!
You die...

## #. #.#
#.. # #..#
.# # #...
##<### #
#...##.....#
## #.......#
..# ##.
##..@g###
#...####..
##..##
#.......
#.g#
###....#
#..# ###.##
#..# #..#
#..# ##.#
#..# #..
#..# #..
#..# ##.


You could see 2 gnolls.

Vanquished Creatures
  An ice beast (D:7)
  A phantom (D:5)
  2 scorpions (D:5)
  A necrophage (D:5)
  An orc priest (D:5)
  A jelly (D:5)
  An iguana (D:5)
  An orc wizard (D:3)
  2 gnolls (D:7)
  An adder (D:4)
  A white imp (D:5)
  A dart slug (D:1)
  14 orcs
  2 bats
  An endoplasm (D:1)
  2 giant cockroaches
  5 goblins (D:1)
  5 hobgoblins
  3 jackals (D:1)
  6 quokkas
  4 frilled lizards
  4 kobolds
  3 rats (D:1)
63 creatures vanquished.

Notes
Turn   | Place    | Note
-------+----------+-------------------------------------------
     0 | D:1      | sircluck the Hill Orc Fighter began the quest for the Orb.
     0 | D:1      | Reached XP level 1. HP: 19/19 MP: 1/1
   148 | D:1      | Reached XP level 2. HP: 21/27 MP: 2/2
   278 | D:1      | Reached skill level 3 in Axes
   311 | D:1      | Reached XP level 3. HP: 33/33 MP: 3/3
   683 | D:3      | Reached XP level 4. HP: 36/40 MP: 4/4
   699 | D:3      | Reached skill level 4 in Axes
   892 | D:3      | You fall into a shaft and drop 1 floor!
   951 | D:5      | Entered Level 5 of the Dungeon
   958 | D:5      | Found a staircase to the Ecumenical Temple.
   969 | D:5      | Reached skill level 5 in Axes
   969 | D:5      | Reached XP level 5. HP: 17/46 MP: 5/5
  1117 | D:5      | Reached skill level 1 in Dodging
  1117 | D:5      | Reached XP level 6. HP: 36/52 MP: 6/6
  1292 | D:5      | Reached skill level 6 in Axes
  1485 | D:5      | Reached XP level 7. HP: 53/60 MP: 7/7
  1643 | D:7      | Found a radiant altar of Vehumet.
  1796 | D:7      | Reached skill level 7 in Axes
  1796 | D:7      | Reached skill level 5 in Armour
  1836 | D:7      | HP: 3/60 [gnoll/+0 spear (6)]
  1837 | D:7      | HP: 1/60 [gnoll/+0 spear (2)]
  1837 | D:7      | Mangled by a gnoll

Illustrated notes

Levels and vault maps discovered:
D:1:      amcnicky_arrival_underground_garden, layout_rooms
D:2:      cheibrodos_pilgrimage, layout_loops_cross, serial_bayou_pond_b
D:3:      layout_basic, serial_curves, eino_curves_01, eino_curves_02,
          eino_curves_02, eino_curves_04, ebering_ecumenical_altar_petrified
D:4:      layout_basic, serial_shops, shop, uniq_natasha, uniq_sigmund
D:5:      layout_basic, nzn_wu_jian_council_hall, minmay_temple_entry_junction
D:6:      layout_cave_pools, kennysheep_generic_room_14, uniq_eustachio,
          uniq_maggie
D:7:      layout_cave_pods, general_overflow_altar, uniq_duvessa

Skill      XL: |  1  2  3  4  5  6  7 |
---------------+----------------------+-----
Axes           | 3 5 6 7 |  7.0
Fighting       | 4 |  4.6
Armour         | 4 5 |  5.1
Shields        | 4 |  4.3
Dodging        | 1 |  1.6
Stealth        | |  0.4

Action                     |  1- 3 |  4- 6 |  7- 9 || total
---------------------------+-------+-------+-------++-------
  Melee: War axe           |   104 |    84 |    21 ||   209
 Armour: Scale mail        |    45 |    42 |    17 ||   104
  Dodge: Dodged            |    61 |    44 |    13 ||   118
  Block: Buckler           |    26 |    27 |    12 ||    65

Table legend: (Time is in decaauts)
 A = Elapsed time spent in this place.
 B = Non-inter-level travel time spent in this place.
 C = Inter-level travel time spent in this place.
 D = Time resting spent in this place.
 E = Time spent auto-exploring this place.
 F = Levels seen in this place.
 G = Mean time per level.
                   A        B        C        D        E       F      G
               +--------+--------+--------+--------+--------+-----+--------+
         Total |   1903 |   1768 |    135 |      0 |   1113 |   7 |  271.9 |
       Dungeon |   1903 |   1768 |    135 |      0 |   1113 |   7 |  271.9 |
               +--------+--------+--------+--------+--------+-----+--------+

Top non-repeatable levels by time:
     D:5: 626 daAuts
     D:1: 584 daAuts
     D:3: 292 daAuts
     D:7: 205 daAuts
     D:6: 67 daAuts
     D:4: 63 daAuts
     D:2: 62 daAuts
